 Dungeon Crawl Stone Soup version 0.22-a0-412-g2b68d144a4 (webtiles) character file.

1358 Lemiesh the Covert (level 8, -1/36 HPs)
             Began as a Spriggan Enchanter on May 12, 2018.
             Was an Initiate of Dithmenos.
             Slain by a centaur (9 damage)
             ... on level 5 of the Dungeon.
             The game lasted 00:15:36 (6983 turns).

Lemiesh the Covert (Spriggan Enchanter)             Turns: 6983, Time: 00:15:37

Health: -1/36      AC:  2    Str:  5    XL:     8   Next: 37%
Magic:  23/25      EV: 18    Int: 18    God:    Dithmenos [......]
Gold:   266        SH:  0    Dex: 16    Spells: 4/16 levels left

rFire    . . .     SeeInvis +   o - +4 dagger (venom)
rCold    + . .     Gourm    .   (shield restricted)
rNeg     . . .     Faith    .   b - +0 robe
rPois    .         Spirit   .   (helmet restricted)
rElec    .         Reflect  .   (no cloak)
rCorr    .         Harm     .   (gloves unavailable)
MR       +....                  (boots unavailable)
Stlth    ++++++....             (no amulet)
HPRegen  0.12/turn              l - ring of magical power
MPRegen  0.19/turn              m - ring of protection from cold

@: very slightly contaminated, very quick
A: very small, unfitting armour, see invisible, herbivore, speed 3, slow
metabolism 2
a: Renounce Religion


You were on level 5 of the Dungeon.
You worshipped Dithmenos.
Dithmenos was noncommittal.
You were not hungry.

You visited 1 branch of the dungeon, and saw 5 of its levels.

You collected 266 gold pieces.

Inventory:

Hand Weapons
 a - a +2 dagger
 o - a +4 dagger of venom (weapon)
 p - a +0 rapier
Armour
 b - a +0 robe (worn)
Jewellery
 e - an uncursed ring of ice
 l - a ring of magical power (left hand)
 m - a ring of protection from cold (right hand)
Scrolls
 c - 3 scrolls of magic mapping
 i - 2 scrolls of remove curse
 q - a scroll of teleportation
Potions
 f - a potion of might
 g - a potion of curing
 h - 2 potions of agility
 j - a potion of berserk rage {unknown}
 k - a potion of flight {unknown}
 n - a potion of ambrosia {unknown}
Comestibles
 d - 6 rations


   Skills:
 - Level 1.1 Short Blades
 - Level 3.0 Dodging
 + Level 14.0 Stealth
 - Level 4.9 Spellcasting
 - Level 5.5 Hexes


You had 4 spell levels left.
You knew the following spells:

 Your Spells              Type           Power        Failure   Level  Hunger
a - Ensorcelled Hibernat  Hex/Ice        ##....       7%          2    #......
b - Corona                Hex            ###....      1%          1    None
c - Confuse               Hex            ###.....     4%          3    ###....
d - Tukima's Dance        Hex            ###.....     4%          3    ###....
e - Dazzling Spray        Conj/Hex       ##....       13%         3    ###....

Your spell library contained the following spells:

 Spells                   Type           Power        Failure   Level  Hunger


Dungeon Overview and Level Annotations

Branches:
Dungeon (5/15)
 Temple: D:4-7

Altars:
Dithmenos
Fedhas
Gozag
Ru
Wu Jian

Shops:
D:3 *


Innate Abilities, Weirdness & Mutations

You are very small and have problems with some larger weapons.
You are too small for most types of armour.
You have supernaturally acute eyesight. (SInv)
You are a herbivore.
You cover ground extremely quickly.
You need to consume almost no food.


Message History

The centaur wields a shortbow.
The centaur shoots an arrow.
The arrow completely misses you.
The centaur shoots an arrow.
The arrow hits you!
There is an open door, spattered with blood here.
You see here an arrow.
The centaur shoots an arrow.
The arrow hits you!
You see here an arrow.
You are too injured to fight recklessly!
The centaur unwields an uncursed shortbow.
The centaur hits you!
* * * LOW HITPOINT WARNING * * *
Casting: Ensorcelled Hibernation (safe; 7% risk of failure)
Confirm with . or Enter, or press ? or * to list all spells.
Aiming: Ensorcelled Hibernation (safe; 7% risk of failure)
Press: ? - help, Shift-Dir - straight line, f - centaur
Aim: a centaur (chance to defeat MR: 45%)
You miscast Ensorcelled Hibernation.
You are very lightly contaminated with residual magic.
Your hands feel numb with cold.
The centaur hits you!
You die...

#..##...##..##...#
#######..##.......'....#
#.................#....#
##................#.....
##................#.....
#.................#....#
##..##...##...###'##...#
#..#######..(##..##....
#.......^+.@((.....'........
#........#c..#.....#...#...#
#...##..#######..###...#####
#... #>.###..#########.# #..
...........<......# #.
..................#####
##...###+######........#
########.. ##.


You could see a centaur.

Vanquished Creatures
  Duvessa (D:5)
  An ice beast (D:5)
  2 sky beasts
  An ogre (D:4)
  3 phantoms
  A scorpion (D:4)
  Dowan (D:5)
  2 crimson imps
  An orc priest (D:3)
  A hound (D:5)
  A jelly (D:5)
  Natasha (twice) (D:4)
  2 worker ants
  Robin (D:3)
  6 adders
  2 adder skeletons
  3 worms
  A dart slug (D:1)
  4 leopard geckos
  5 orcs
  4 ball pythons
  A giant cockroach (D:4)
  21 goblins
  11 hobgoblins
  11 kobolds
  A quokka (D:3)
  11 bats
  4 frilled lizards
  A leopard gecko skeleton (D:4)
  A leopard gecko zombie (D:5)
  6 rats
113 creatures vanquished.

Vanquished Creatures (collateral kills)
  Edmund (D:5)
1 creature vanquished.

Grand Total: 114 creatures vanquished

Notes
Turn   | Place    | Note
-------+----------+-------------------------------------------
     0 | D:1      | Lemiesh the Spriggan Enchanter began the quest for the Orb.
     0 | D:1      | Reached XP level 1. HP: 9/9 MP: 5/5
   822 | D:1      | Reached XP level 2. HP: 11/13 MP: 5/7
   826 | D:1      | Learned a level 2 spell: Ensorcelled Hibernation
  1442 | D:1      | Reached XP level 3. HP: 16/16 MP: 9/9
  1451 | D:1      | Learned a level 3 spell: Confuse
  1455 | D:1      | Learned a level 3 spell: Tukima's Dance
  2181 | D:2      | Found a sacrificial altar of Ru.
  2423 | D:2      | Found a faded altar of an unknown god.
  2424 | D:2      | Noticed a sky beast
  2443 | D:2      | Killed a sky beast
  2443 | D:2      | Reached skill level 5 in Hexes
  2443 | D:2      | Reached XP level 4. HP: 14/21 MP: 4/11
  2548 | D:2      | Reached XP level 5. HP: 24/24 MP: 13/13
  2582 | D:3      | Found an opulent altar of Gozag.
  2582 | D:3      | Noticed a phantom
  2849 | D:2      | Killed a phantom
  2849 | D:2      | Reached skill level 6 in Stealth
  3024 | D:3      | Reached skill level 7 in Stealth
  3024 | D:3      | Reached XP level 6. HP: 17/28 MP: 11/14
  3148 | D:3      | Found Gozag's Platinum Reserve.
  3560 | D:3      | Learned a level 3 spell: Dazzling Spray
  3616 | D:3      | Noticed Robin
  3656 | D:3      | Killed Robin
  4347 | D:4      | Reached skill level 8 in Stealth
  4470 | D:4      | Reached skill level 9 in Stealth
  4498 | D:4      | Reached XP level 7. HP: 32/32 MP: 8/15
  4761 | D:4      | Reached skill level 10 in Stealth
  4879 | D:4      | Noticed Natasha
  4881 | D:4      | Killed Natasha
  5207 | D:5      | Entered Level 5 of the Dungeon
  5369 | D:5      | Reached skill level 11 in Stealth
  5429 | D:4      | Noticed Natasha
  5566 | D:4      | Killed Natasha
  5970 | D:4      | Reached skill level 12 in Stealth
  6323 | D:5      | Found an ornate altar of the Wu Jian Council.
  6326 | D:5      | Found a blossoming altar of Fedhas.
  6335 | D:5      | Found a shadowy altar of Dithmenos.
  6342 | D:5      | Became a worshipper of Dithmenos the Shadowed
  6387 | D:5      | Noticed Edmund
  6394 | D:5      | Killed Edmund
  6394 | D:5      | Reached XP level 8. HP: 36/36 MP: 16/16
  6448 | D:5      | Noticed Dowan
  6450 | D:5      | Noticed Duvessa
  6458 | D:5      | Killed Dowan
  6470 | D:5      | Killed Duvessa
  6470 | D:5      | Reached skill level 13 in Stealth
  6880 | D:5      | Reached skill level 14 in Stealth
  6983 | D:5      | Slain by a centaur

Vault maps used:
D:1:      minmay_arrival_checkered_box, minmay_shallow_snake_nest
D:2:      chequers_ecumenical_altar_simple_redux,
          nicolae_ru_sacrificial_ziggurat
D:3:      nicolae_gozag_zags_fifth_avenue, kennysheep_generic_room_11,
          uniq_robin
D:4:      first_ration, serial_bayou_pond_e, uniq_natasha
D:5:      kennysheep_kobold_camp, minitemple, serial_shops, shop, uniq_edmund,
          uniq_duvessa

Skill      XL: |  1  2  3  4  5  6  7  8 |
---------------+-------------------------+-----
Spellcasting   | 3 4 |  4.9
Hexes          | 4 5 |  5.5
Stealth        | 7 9 12 14 | 14.0
Short Blades   | |  1.1
Dodging        | |  3.0

Action                   |  1- 3 |  4- 6 |  7- 9 || total
-------------------------+-------+-------+-------++-------
Melee: Dagger            |   131 |    87 |    81 ||   299
 Cast: Corona            |    10 |       |       ||    10
       Ensorcelled Hiber |    10 |    30 |     8 ||    48
       Confuse           |     2 |     5 |    18 ||    25
       Dazzling Spray    |       |     1 |     4 ||     5
       Tukima's Dance    |       |       |     1 ||     1
  Use: Scroll            |     7 |     4 |     2 ||    13
       Potion            |       |     1 |     3 ||     4
 Stab: Sleeping          |    26 |    22 |    17 ||    65
       Confused          |     1 |     6 |     6 ||    13
       Distracted        |       |     1 |     1 ||     2
  Eat: Ration            |       |     2 |     2 ||     4
Armor: Robe              |    15 |     6 |     2 ||    23
       Skin              |       |       |     7 ||     7
Dodge: Dodged            |   126 |    73 |    29 ||   228

Table legend:
 A = Spawn XP
 B = Non-spawn XP
 C = Spawn XP percentage of total XP
 D = Spawn monster count
 E = Non-spawn monster count
 F = Spawn count percentage of total count
 G = Total turns spent on level
                    A         B        C        D         E        F      G
               +---------+---------+-------+---------+---------+-------+---------
         Total |       0 |    1941 |   0.0 |       0 |     114 |   0.0 |  6983
               +---------+---------+-------+---------+---------+-------+---------
           D:1 |       0 |      42 |   0.0 |       0 |      25 |   0.0 |  1034
           D:2 |       0 |     281 |   0.0 |       0 |      20 |   0.0 |  2090
           D:3 |       0 |     157 |   0.0 |       0 |      35 |   0.0 |  1187
           D:4 |       0 |     645 |   0.0 |       0 |      16 |   0.0 |  1800
           D:5 |       0 |     816 |   0.0 |       0 |      18 |   0.0 |   872
               +---------+---------+-------+---------+---------+-------+---------
